AoeStats
← ShowMeUarLoVe

Arena

510730330Analyzed
1v1 RM · 1d ago on Oct 2, 2026· 49m 7s· 2 players
Game mode
Random Map
Map size
Tiny (2 player)
Population
200
Speed
Normal
Resources
Standard
Victory
Conquest
Starting age
Dark Age
Ending age
Imperial Age
RankedLock teamsTeams togetherTeam positionsShared explorationLock speedFull tech treeHidden civsTurbo modeCheats
Victory
Defeat
🇺🇾 Inca · Uruguay
1040
+16
🇨🇦 Persians · Canada
1046
-16
Chanary
10:19 Feudal Age
11:01 Double-Bit Axe
10:59 Horse Collar
16:54 Castle Age
15:18 Gold Mining
16:08 Stone Mining
18:02 Bow Saw
18:23 Squires
18:25 Scale Mail Armor
20:02 Chain Mail Armor
19:59 Forging
23:45 Wheelbarrow
25:07 Heavy Plow
25:11 Loom
30:28 Imperial Age
28:36 Andean Sling
29:47 Hand Cart
30:03 Fletching
31:10 Iron Casting
31:34 Conscription
31:14 Bodkin Arrow
31:47 Ballistics
30:53 Elite Skirmisher
32:24 Siege Engineers
33:32 Bracer
34:12 Plate Mail Armor
34:12 Fabric Shields
35:51 Thumb Ring
40:22 Sanctity
41:12 Chemistry
43:23 Masonry
42:54 Treadmill Crane
44:53 Elite Kamayuk
47:04 Hoardings
48:32 Pikeman
49:32 Town Watch
ShowMeUarLoVe
10:12 Feudal Age
11:33 Wheelbarrow
14:44 Castle Age
14:00 Double-Bit Axe
14:02 Horse Collar
15:28 Bow Saw
19:00 Heavy Plow
20:27 Hand Cart
22:20 Stone Mining
22:31 Gold Mining
23:56 Stone Shaft Mining
25:29 Gold Shaft Mining
27:38 Kamandaran
31:49 Imperial Age
29:35 Fletching
29:46 Padded Archer Armor
29:08 Crossbowman
30:10 Loom
30:22 Bodkin Arrow
31:11 Thumb Ring
31:33 Ballistics
31:25 Masonry
32:19 Leather Archer Armor
33:09 Two-Man Saw
33:12 Chemistry
32:25 Masonry
32:41 Conscription
32:44 Scale Barding Armor
35:22 Crop Rotation
36:08 Light Cavalry
37:41 Bloodlines
38:36 Chain Barding Armor
38:26 Forging
39:37 Husbandry
40:50 Hussar
42:55 Plate Barding Armor
42:55 Iron Casting
Connection lost

Rejoining the realm…

Still unreachable

The connection could not be restored.

Session expired

The server has moved on; the page needs a fresh start.